 Dungeon Crawl Stone Soup version 0.22.1-1-ga44c0e5 (webtiles) character file.

46 Heatsaber the Conjurer (level 3, 0/16 HPs)
             Began as a Vine Stalker Conjurer on Sept 25, 2018.
             Slain by an adder (4 damage)
             ... on level 2 of the Dungeon.
             The game lasted 00:07:44 (1439 turns).

Heatsaber the Conjurer (Vine Stalker Conjurer)      Turns: 1439, Time: 00:07:44

Health: 0/16       AC:  2    Str: 10    XL:     3   Next: 66%
Magic:  0/8        EV: 12    Int: 16    God:
Gold:   178        SH:  0    Dex: 14    Spells: 5/8 levels left

rFire    . . .     SeeInvis .   k - +0 dagger (flame)
rCold    . . .     Gourm    .   (no shield)
rNeg     . . .     Faith    .   a - +0 robe
rPois    .         Spirit   +   (no helmet)
rElec    .         Reflect  .   (no cloak)
rCorr    .         Harm     .   (no gloves)
MR       .....                  (no boots)
Stlth    ++........             (no amulet)
HPRegen  0.05/turn              (no ring)
MPRegen  0.11/turn              (no ring)

@: lethally poisoned (0 -> -10)
A: fangs 2, magic shield, antimagic bite, no potion heal 3, rot immunity
a: no special abilities


You were on level 2 of the Dungeon.
You were not hungry.

You visited 1 branch of the dungeon, and saw 2 of its levels.

You collected 178 gold pieces.

Inventory:

Hand Weapons
 d - a +2 dagger of protection
 k - a +0 dagger of flaming (weapon)
Armour
 a - a +0 robe (worn)
Jewellery
 h - an uncursed ring of teleportation
Scrolls
 e - a scroll of enchant weapon
 j - a scroll of remove curse
 l - a scroll of identify {unknown}
 m - a scroll of teleportation {unknown}
Potions
 f - 2 potions of curing {unknown}
 g - 2 potions of resistance {unknown}
 i - a potion of degeneration {unknown}
Comestibles
 b - 4 chunks of flesh
 c - 2 rations


   Skills:
 + Level 1.8 Short Blades
 - Level 1.5 Dodging
 - Level 2.4 Stealth
 + Level 3.3 Spellcasting
 - Level 4.0 Conjurations


You had 5 spell levels left.
You knew the following spells:

 Your Spells              Type           Power        Failure   Level  Hunger
a - Magic Dart            Conj           ###.         3%          1    None
b - Searing Ray           Conj           ###...       5%          2    ##.....

Your spell library contained the following spells:

 Spells                   Type           Power        Failure   Level  Hunger
 Dazzling Spray           Conj/Hex       #.....       24%         3    ###....
 Iskenderun's Mystic Bla  Conj           ###.....     34%         4    ####...
 Force Lance              Conj/Tloc      #.......     63%         4    ####...
 Fulminant Prism          Conj/Hex       #.........   63%         4    ####...


Dungeon Overview and Level Annotations

Branches:
Dungeon (2/15)

Altars:
Ru


Innate Abilities, Weirdness & Mutations

You have extremely sharp teeth.
When hurt, damage is shared between your health and your magic reserves.
Your bite disrupts and absorbs the magic of your enemies.
Potions cannot restore your health.
You are immune to rotting.


Message History

The adder bites you. The adder barely misses you.
Casting: Magic Dart (safe; 3% risk of failure)
Confirm with . or Enter, or press ? or * to list all spells.
Aiming: Searing Ray (safe; 5% risk of failure)
Press: ? - help, Shift-Dir - straight line, f - jackal
Aim: a jackal The searing ray hits the adder.
The adder is almost dead. (Press . to maintain the ray.)
The adder bites you.
You are poisoned.
The adder poisons you!
The searing ray misses the adder.
You feel sick. The adder bites you.
You are more poisoned.
The adder poisons you!
The searing ray misses the adder.
* * * LOW HITPOINT WARNING * * *
You feel sick. The adder bites you but does no damage. The adder bites you.
You die...

#..####.# #.####...##
###..####.# #.........#
#####
..........########...##
#...#
.##.##.#####.........#
###.#.##
.##.##.###)......##.##
#.<.#.).
.............###.##.##
#.#####.
.......###.#####.#...##
#. #... .#.##..#
#.##......(..# ## #...
.......# #.#...#@#...##
#....#. .#..#.##
#.#...#S##.## #.####.
.##.#.# #......h#### #
## . ... ###)..######
#. ... #.......... .
.....####....#..... ..
.............#.....
...........####...
............#.....


You could see an adder and a jackal.

Vanquished Creatures
  A worm (D:2)
  3 dart slugs (D:1)
  A leopard gecko (D:1)
  9 bats
  2 giant cockroaches (D:1)
  4 goblins
  2 hobgoblins
  3 jackals (D:2)
  A kobold (D:2)
  2 frilled lizards
  7 rats
35 creatures vanquished.

Notes
Turn   | Place    | Note
-------+----------+-------------------------------------------
     0 | D:1      | Heatsaber the Vine Stalker Conjurer began the quest for the
                  | Orb.
     0 | D:1      | Reached XP level 1. HP: 9/9 MP: 4/4
   146 | D:1      | Reached XP level 2. HP: 7/13 MP: 2/6
   150 | D:1      | Learned a level 2 spell: Searing Ray
   402 | D:1      | Reached skill level 1 in Short Blades
   781 | D:1      | Reached XP level 3. HP: 16/16 MP: 6/8
  1424 | D:2      | Found a sacrificial altar of Ru.
  1439 | D:2      | Slain by an adder

Skill      XL: |  1  2 |
---------------+-------+-----
Short Blades   | 1 |  1.8
Spellcasting   | 3 |  3.3
Dodging        | |  1.5
Stealth        | |  2.4
Conjurations   | |  4.0

Action                   || total
-------------------------++-------
Melee: Dagger            ||    84
       Bite              ||    19
       Unarmed           ||     1
 Cast: Magic Dart        ||    12
       Searing Ray       ||     4
  Use: Scroll            ||     3
 Stab: Sleeping          ||     7
  Eat: Chunk             ||     2
Armor: Robe              ||    22
Dodge: Dodged            ||    56
